 Dungeon Crawl Stone Soup version 0.21.1-1-g345015f (webtiles) character file.

224416 xccam the Bludgeoner (level 19, -6/155 (157) HPs)
             Began as a Formicid Fighter on Mar 25, 2018.
             Was the Champion of Ru.
             Mangled by an azure jelly (7 damage)
             ... created by the Royal Jelly
             ... on level 5 of the Pits of Slime.
             The game lasted 01:32:42 (40878 turns).

xccam the Bludgeoner (Formicid Fighter)            Turns: 40878, Time: 01:32:43

HP:   -6/155 (157)  AC: 16    Str: 30    XL:     19   Next: 53%
MP:   11/19         EV: 13    Int:  8    God:    Ru [******]
Gold: 2562          SH:  4    Dex: 12    Spells: 18/18 levels left

rFire    . . .     SeeInvis +   n - +5 dire flail (protect)
rCold    . . .     Gourm    .   (shield unavailable)
rNeg     . . .     Faith    .   V - +3 plate armour {MR+}
rPois    .         Spirit   .   (helmet unavailable)
rElec    .         Reflect  +   (no cloak)
rCorr    +         Harm     .   P - +1 pair of gloves {Str+3}
MR       ++...                  R - +0 pair of boots
Stlth    ..........             b - +4 amulet of reflection
HPRegen  0.00/turn              (ring unavailable)
MPRegen  0.16/turn              I - ring of resist corrosion

@: exhausted, corroded, no scrolls, non-regenerating, diseased, heavily drained
A: permanent stasis, dig shafts and tunnels, four strong arms, antennae 3,
rugged brown scales 1, wild magic 1, inability to read while threatened, missing
a hand, unskilled 1, missing an eye, sturdy frame 1
}: 2/15 runes: decaying, gossamer
a: Dig, Shaft Self, Draw Out Power, Power Leap, Apocalypse, Renounce Religion


You were on level 5 of the Pits of Slime.
You worshipped Ru.
Ru was exalted by your worship.
You were not hungry.

You visited 7 branches of the dungeon, and saw 33 of its levels.
You also visited: Sewer.

You collected 2902 gold pieces.
You spent 340 gold pieces at shops.

Inventory:

Hand Weapons
 a - a +3 great mace of draining
 n - a +5 dire flail of protection (weapon)
 U - the +2 morningstar "Ozxeipt" {crush, rF++ MR+ Int-5}
   (You found it on level 6 of the Lair of Beasts)

   It inflicts extra damage upon your enemies.
   It affects your intelligence (-5).
   It greatly protects you from fire.
   It affects your resistance to hostile enchantments.
Armour
 P - a +1 pair of gloves of strength (worn)
 R - a +0 pair of boots (worn)
 V - a +3 plate armour of magic resistance (worn)
Jewellery
 b - a +4 amulet of reflection (around neck)
 c - an uncursed ring of flight
 i - a +2 ring of intelligence
 l - the ring of Zatetomp {rPois MR+ Dex+5 Slay+2}
   (You found it on level 10 of the Dungeon)

   [ring of dexterity]

   It affects your dexterity (+5).
   It affects your accuracy and damage with ranged weapons and melee attacks
   (+2).
   It protects you from poison.
   It affects your resistance to hostile enchantments.
 o - an uncursed ring of ice
 r - the ring "Vewaklar" {+Fly rElec rF+ Stlth-}
   (You found it on level 2 of the Spider Nest)

   [ring of protection from fire]

   It protects you from fire.
   It insulates you from electricity.
   It lets you fly.
   It makes you less stealthy.
 x - an uncursed amulet of guardian spirit
 y - an uncursed ring of protection from magic
 H - an uncursed amulet of the gourmand
 I - a ring of resist corrosion (right hand)
 S - a +5 ring of protection
 W - a cursed ring of protection from cold {unknown}
Wands
 s - a wand of random effects (31)
 t - a wand of enslavement (8)
 w - a wand of acid (11)
 D - a wand of iceblast (36)
 E - a wand of flame (92)
 F - a wand of paralysis (45)
 J - a wand of clouds (7)
 M - a wand of polymorph (14)
 N - a wand of scattershot (14)
 Q - a wand of disintegration (14)
Scrolls
 d - 10 scrolls of amnesia
 e - 3 scrolls of enchant armour
 g - 7 scrolls of fog
 h - 8 scrolls of identify
 j - 6 scrolls of enchant weapon
 k - 6 scrolls of magic mapping
 v - 4 scrolls of fear
 G - a scroll of brand weapon
 L - 8 scrolls of remove curse
Potions
 m - a potion of might
 p - 9 potions of curing
 q - 2 potions of cancellation
 u - a potion of resistance
 z - a potion of mutation
 A - 6 potions of brilliance
 B - 2 potions of magic
 C - 4 potions of ambrosia
 K - 2 potions of invisibility
 O - a potion of heal wounds
 T - a potion of flight
Comestibles
 f - 31 rations


   Skills:
 + Level 14.3(11.9) Fighting
 - Level 18.3(15.7) Maces & Flails
 + Level 15.5(13.1) Armour
 + Level 12.1(9.9) Dodging


You had 18 spell levels left.
You didn't know any spells.

Dungeon Overview and Level Annotations

Branches:
Dungeon (11/15)            Temple (1/1) D:5            Lair (6/6) D:8
  Swamp (4/4) Lair:3       Spider (4/4) Lair:2        Slime (5/5) Lair:6
    Orc (2/2) D:11            Elf (0/3) Orc:2

Altars:
Ashenzari
Cheibriados
Dithmenos
Elyvilon
Fedhas
Gozag
Hepliaklqana
Kikubaaqudgha
Makhleb
Nemelex Xobeh
Okawaru
Qazlal
Ru
Sif Muna
Trog
Uskayaw
Vehumet
Wu Jian
Xom
Yredelemnul
Zin
The Shining One
Jiyva

Shops:
D:10 (   Orc:2 (%}!(=:(:

Portals:
Trove: D:10 (give +6 demon blade)

Annotations:
Slime:5 Royal Jelly


Innate Abilities, Weirdness & Mutations

You cannot be hasted, slowed, berserked, paralysed or teleported.
You can dig through walls and to a lower floor.
Your four strong arms can wield two-handed weapons with a shield.
You have a pair of large antennae on your head. (SInv)
You cannot read scrolls while threatened.
You are missing a hand.
You are somewhat unskilled. (-1 Apt)
You are missing an eye, making it more difficult to aim.
You are partially covered in rugged brown scales. (AC +1, +3% HP)
Your spells are a little harder to cast, but a little more powerful.
Your movements are slightly less encumbered by armour. (ER -2)


Message History

* * * LOW HITPOINT WARNING * * *
You are splashed with acid!
The acid burns!
You resist.
* * * LOW HITPOINT WARNING * * *
You reveal the great annihilating truth to your foes!
The Royal Jelly slows down under the weight of truth!
The very large slime creature is paralysed by terrible understanding!
The acid blob slows down under the weight of truth! x3
The slime creature is paralysed by terrible understanding!
You destroy the death ooze!
You kill the slime creature!
The great orb of eyes doubts its magic when faced with ultimate truth!
You feel drained.
The Royal Jelly shudders alarmingly.
The Royal Jelly spits out seven more jellies.
You redirect the acid blob's attack!
The acid blob spits acid at the death ooze.
The splash of acid hits the azure jelly.
The azure jelly completely resists.
You block the Royal Jelly's attack. The Royal Jelly barely misses you.
The acid blob begins to attack, but is stunned by your will!
The azure jelly barely misses you. The azure jelly hits you!
You die...

.................................
.................................
................G................
............J...................#
...............JJ...............#
.............JJJJJ...............
................J................
..............JJJJ...............
.......^........@................
.................................
.................................
#................................
#..............................##
##..............................#
#.............................##
###.###........<.......####..##
#.#..............# #.#


You could see the Royal Jelly, 5 acid blobs, 3 azure jellies, a great orb of
eyes, a very large slime creature (paralysed), a slime creature (paralysed) and
2 death oozes.

Vanquished Creatures
  the Lernaean hydra (Swamp:4)
  Rupert (Lair:5)
  14 acid blobs
  Kirke (Spider:4)
  3 thorn hunters
  4 azure jellies
  Roxanne (Spider:4)
  3 emperor scorpions (Spider:4)
  2 ghost moths (Spider:4)
  Louise (Swamp:1)
  The ghost of keltmir the End of an Era, a journeyman DsGl of Qazlal (Spider:2)
  4 entropy weavers
  A spark wasp (Spider:4)
  A dire elephant (Lair:6)
  5 death oozes (Slime:5)
  4 great orbs of eyes
  Erolcha (Orc:2)
  21 hydras
  The ghost of xccam the Cleaver, a journeyman FoFi (D:9)
  2 catoblepae
  2 ghost crabs (Swamp:2)
  4 alligators
  4 two-headed ogres
  Erica (Lair:2)
  A queen ant (Lair:5)
  The ghost of VLARC the Carver, a journeyman VSGl of Uskayaw (D:11)
  22 death yaks
  4 orc high priests (Orc:2)
  Urug (Lair:2)
  5 spriggans
  5 skeletal warriors (D:10)
  2 spriggan druids
  11 swamp dragons
  5 shambling mangroves
  11 orb spiders
  2 lindwurms
  An orc sorcerer (Orc:2)
  22 wolf spiders
  An orc knight (Orc:2)
  An ugly thing (D:11)
  2 moths of wrath
  3 shining eyes
  13 elephants (Lair:6)
  3 manticores
  9 black mambas
  The ghost of Ratty the Skirmisher, a novice CeMo of Okawaru (D:6)
  A torpor snail (Lair:6)
  A gargoyle (D:10)
  A guardian serpent (Lair:6)
  6 komodo dragons
  21 spiny frogs
  2 rime drakes (Lair:5)
  6 demonic crawlers
  A troll (Orc:2)
  4 tyrant leeches
  Prince Ribbit (D:6)
  23 hornets
  30 jumping spiders
  79 slime creatures
  A polar bear (Lair:5)
  3 bog bodies
  19 blink frogs
  2 dream sheep (Lair:6)
  8 hippogriffs
  41 redbacks
  Sigmund (D:5)
  20 tarantellas
  25 yaks
  A shadow (Swamp:2)
  The ghost of Redear the Changer, an amateur VSTm (D:4)
  11 wyverns
  5 hogs (Spider:4)
  A hungry ghost (D:7)
  2 basilisks
  10 vampire mosquitoes (Swamp:4)
  24 swamp worms
  3 wargs
  Edmund (D:4)
  An acid dragon (D:11)
  24 water moccasins
  19 soldier ants (Lair:5)
  2 hell hounds (D:8)
  9 porcupines
  2 ice beasts
  8 swamp drakes
  Purgy (Sewer)
  26 orc warriors
  2 phantoms
  4 eyes of draining
  2 necrophages
  The ghost of RitorJet the Shield-Bearer, an amateur FoFi (D:3)
  3 sky beasts
  6 crocodiles
  9 ogres
  8 centaurs
  6 wolves
  A big kobold (D:7)
  17 bullfrogs
  3 scorpions
  A wyvern skeleton (D:11)
  9 wights
  2 electric eels
  A howler monkey (D:2)
  A jelly (D:8)
  4 crimson imps
  A centaur zombie (D:11)
  A bullfrog zombie (D:5)
  A quasit (D:8)
  2 hounds
  23 orc priests
  31 orc wizards
  An iguana (D:9)
  28 worker ants
  A killer bee zombie (D:5)
  2 hound zombies
  A hound skeleton (D:10)
  A worker ant zombie (D:7)
  Robin (D:3)
  7 gnolls
  14 adders
  3 shadow imps
  2 oozes (D:2)
  An adder skeleton (D:4)
  7 worms
  3 dart slugs
  7 leopard geckos
  81 orcs
  6 giant cockroaches
  7 goblins
  10 hobgoblins
  23 jackals
  4 quokkas
  2 ball pythons
  14 bats
  6 frilled lizards
  12 kobolds
  A quokka zombie (D:7)
  12 rats
  5 briar patches (Swamp:3)
  A fungus (Lair:5)
  3 plants (Lair:6)
1061 creatures vanquished.

Vanquished Creatures (others)
  Agnes (Spider:4)
  2 wolf spiders
  A black mamba (Lair:6)
  A spiny frog (Lair:6)
  2 jumping spiders (Spider:3)
  A blink frog (Lair:4)
  A tarantella (Spider:2)
  A spriggan (Swamp:4)
  4 redbacks
  2 humans (Spider:4)
  An orc warrior (D:11)
  A swamp drake (Swamp:2)
  2 orc wizards
  A worker ant (Lair:5)
  2 orcs (Orc:2)
  2 briar patches (Swamp:3)
  8 fungi (Lair:6)
  29 plants
  9 toadstools (Swamp:3)
71 creatures vanquished.

Grand Total: 1132 creatures vanquished

Notes
Turn   | Place    | Note
-------+----------+-------------------------------------------
     0 | D:1      | xccam the Formicid Fighter began the quest for the Orb.
     0 | D:1      | Reached XP level 1. HP: 18/18 MP: 1/1
    76 | D:1      | Reached XP level 2. HP: 22/24 MP: 2/2
   311 | D:1      | Reached XP level 3. HP: 29/29 MP: 3/3
   887 | D:2      | Reached skill level 3 in Maces & Flails
  1054 | D:2      | Found a bloodstained altar of Trog.
  1068 | D:2      | Found a hazy altar of Hepliaklqana.
  1121 | D:2      | Reached XP level 4. HP: 32/35 MP: 4/4
  1179 | D:2      | Reached skill level 5 in Shields
  1179 | D:2      | Reached XP level 5. HP: 16/41 MP: 5/5
  1562 | D:2      | Found an opulent altar of Gozag.
  1710 | D:3      | Noticed RitorJet's ghost (amateur FoFi)
  1713 | D:3      | Gained mutation: Your movements are slightly less encumbered by armour. (ER -2) [potion of mutation]
  1713 | D:3      | Gained mutation: You are partially covered in rugged brown scales. (AC +1, +3% HP) [potion of mutation]
  1713 | D:3      | Gained mutation: Your spells are a little harder to cast, but a little more powerful. [potion of mutation]
  1738 | D:3      | Killed RitorJet's ghost
  1738 | D:3      | Reached skill level 4 in Maces & Flails
  1738 | D:3      | Reached XP level 6. HP: 32/48 MP: 6/6
  2048 | D:3      | Found a shadowy altar of Dithmenos.
  2238 | D:3      | Noticed Robin
  2245 | D:3      | Killed Robin
  2509 | D:4      | Noticed Edmund
  2539 | D:4      | Killed Edmund
  2539 | D:4      | Reached skill level 5 in Maces & Flails
  2539 | D:4      | Reached XP level 7. HP: 22/53 MP: 7/7
  2754 | D:4      | Reached skill level 6 in Maces & Flails
  2812 | D:4      | Found a glowing drain.
  2816 | Sewer    | Entered a sewer
  2841 | Sewer    | Noticed Purgy
  2850 | Sewer    | Killed Purgy
  2850 | Sewer    | Reached XP level 8. HP: 57/59 MP: 8/8
  2950 | D:4      | Reached skill level 7 in Maces & Flails
  3014 | D:4      | Noticed Redear's ghost (amateur VSTm)
  3018 | D:4      | Killed Redear's ghost
  3037 | D:4      | Reached skill level 8 in Maces & Flails
  3291 | D:4      | Found a sparkling altar of Nemelex Xobeh.
  3457 | D:5      | Entered Level 5 of the Dungeon
  3527 | D:5      | Reached skill level 9 in Maces & Flails
  3546 | D:5      | Found a staircase to the Ecumenical Temple.
  3597 | Temple   | Entered the Ecumenical Temple
  4174 | D:5      | Noticed Sigmund
  4188 | D:5      | Killed Sigmund
  4188 | D:5      | Reached XP level 9. HP: 41/65 MP: 9/9
  4393 | D:6      | Noticed Ratty's ghost (novice CeMo)
  4414 | D:6      | Killed Ratty's ghost
  4414 | D:6      | Reached skill level 10 in Maces & Flails
  4429 | D:6      | Noticed Prince Ribbit
  4902 | D:6      | Reached skill level 11 in Maces & Flails
  5033 | D:6      | Killed Prince Ribbit
  5347 | D:6      | Found a glowing golden altar of the Shining One.
  5526 | D:7      | Reached XP level 10. HP: 65/71 MP: 10/10
  5582 | D:7      | Reached skill level 12 in Maces & Flails
  6139 | D:7      | Reached skill level 13 in Maces & Flails
  6161 | D:7      | Found a sacrificial altar of Ru.
  6197 | D:7      | Became a worshipper of Ru the Awakened
  6749 | D:8      | Found a staircase to the Lair.
  7443 | D:9      | Gained mutation: You are missing an eye, making it more difficult to aim. [Ru sacrifice]
  7443 | D:9      | Reached * piety under Ru
  7463 | D:9      | Noticed xccam's ghost (journeyman FoFi)
  7478 | D:9      | Reached skill level 5 in Armour
  7491 | D:9      | Reached XP level 11. HP: 40/76 MP: 11/11
  7525 | D:9      | Killed xccam's ghost
  7902 | D:9      | Found a shimmering altar of Xom.
  8019 | D:9      | Noticed a two-headed ogre
  8032 | D:9      | Killed a two-headed ogre
  8062 | D:9      | Noticed a two-headed ogre
  8581 | D:9      | Killed a two-headed ogre
  8628 | D:9      | Reached skill level 5 in Fighting
  8866 | D:10     | Entered Level 10 of the Dungeon
  9029 | D:10     | Reached XP level 12. HP: 80/88 MP: 12/12
  9071 | D:10     | Got a shimmering amber ring
  9072 | D:10     | Found Suwneeb's Antique Weapon Shop.
  9075 | D:10     | Noticed a skeletal warrior
  9076 | D:10     | Noticed a skeletal warrior
  9093 | D:10     | Killed a skeletal warrior
  9093 | D:10     | Reached skill level 1 in Dodging
  9094 | D:10     | Noticed a skeletal warrior
  9102 | D:10     | Killed a skeletal warrior
  9119 | D:10     | Killed a skeletal warrior
  9120 | D:10     | Noticed a skeletal warrior
  9144 | D:10     | Killed a skeletal warrior
  9187 | D:10     | Found a portal to a secret trove of treasure.
  9369 | D:10     | Reached skill level 14 in Maces & Flails
  9405 | D:10     | Noticed a skeletal warrior
  9423 | D:10     | Killed a skeletal warrior
  9423 | D:10     | Reached skill level 10 in Armour
  9892 | D:11     | Found a staircase to the Orcish Mines.
  9980 | D:11     | Gained mutation: You cannot read scrolls while threatened. [Ru sacrifice]
  9980 | D:11     | Reached ** piety under Ru
 10115 | D:11     | Noticed a two-headed ogre
 10417 | D:10     | Killed a two-headed ogre
 10606 | D:11     | Noticed VLARC's ghost (journeyman VSGl)
 10616 | D:11     | Killed VLARC's ghost
 10788 | D:11     | Identified the ring of Zatetomp {rPois MR+ Dex+5 Slay+2} (You found it on level 10 of the Dungeon)
 10942 | D:11     | Noticed a two-headed ogre
 10949 | D:11     | Killed a two-headed ogre
 10949 | D:11     | Reached skill level 5 in Dodging
 11246 | Lair:1   | Entered Level 1 of the Lair of Beasts
 11283 | Lair:1   | Noticed a six-headed hydra
 11292 | Lair:1   | Killed a six-headed hydra
 11470 | Lair:1   | Reached XP level 13. HP: 98/98 MP: 13/13
 11638 | Lair:1   | Noticed a five-headed hydra
 11647 | Lair:1   | Killed a five-headed hydra
 11933 | Lair:2   | Found a hole to the Spider Nest.
 11995 | Lair:2   | Noticed Urug
 12014 | Lair:2   | Killed Urug
 12049 | Lair:2   | Noticed a seven-headed hydra
 12060 | Lair:2   | Killed a seven-headed hydra
 12315 | Lair:2   | Gained mutation: You are missing a hand. [Ru sacrifice]
 12315 | Lair:2   | Reached *** piety under Ru
 12315 | Lair:2   | Reached **** piety under Ru
 12315 | Lair:2   | Reached ***** piety under Ru
 12328 | Lair:2   | Noticed Erica
 12343 | Lair:2   | Killed Erica
 12343 | Lair:2   | Reached skill level 15 in Maces & Flails
 13812 | Lair:3   | Found a staircase to the Swamp.
 14386 | Lair:4   | Noticed a catoblepas
 14415 | Lair:4   | Killed a catoblepas
 14415 | Lair:4   | Reached XP level 14. HP: 10/111 MP: 14/14
 15147 | Lair:4   | Reached skill level 10 in Fighting
 15735 | Lair:5   | Gained mutation: You are somewhat unskilled. (-1 Apt) [Ru sacrifice]
 15735 | Lair:5   | Reduced skill Maces & Flails to level 14
 15735 | Lair:5   | Reached ****** piety under Ru
 16062 | Lair:5   | Noticed an entropy weaver
 16093 | Lair:5   | Killed an entropy weaver
 16097 | Lair:5   | Noticed an entropy weaver
 16520 | Lair:5   | Killed an entropy weaver
 16520 | Lair:5   | Reached skill level 10 in Fighting
 16893 | Lair:5   | Noticed Rupert
 16907 | Lair:5   | Killed Rupert
 17128 | Lair:5   | Reached XP level 15. HP: 116/118 MP: 15/15
 17382 | Lair:6   | Entered Level 6 of the Lair of Beasts
 17908 | Lair:6   | Found a viscous altar of Jiyva.
 17909 | Lair:6   | Found a staircase to the Slime Pits.
 18144 | Lair:6   | Reached skill level 15 in Maces & Flails
 18896 | Lair:6   | Got a scorched morningstar
 18897 | Lair:6   | Identified the +2 morningstar "Ozxeipt" {crush, rF++ MR+ Int-5} (You found it on level 6 of the Lair of Beasts)
 20009 | Orc:1    | Entered Level 1 of the Orcish Mines
 20296 | Orc:2    | Entered Level 2 of the Orcish Mines
 20297 | Orc:2    | Found Keopraeb's Weapon Shop.
 20303 | Orc:2    | Noticed Erolcha
 20314 | Orc:2    | Found Nubet's Food Emporium.
 20332 | Orc:2    | Killed Erolcha
 20332 | Orc:2    | Reached XP level 16. HP: 64/128 MP: 10/16
 20741 | Orc:2    | Found Ositwini's Gadget Shop.
 20833 | Orc:2    | Found a staircase to the Elven Halls.
 20886 | Orc:2    | Found Foahyoma's Distillery.
 20908 | Orc:2    | Found Ynejuliq's Antique Weapon Shop.
 21248 | Orc:2    | Found Gicuh's Jewellery Emporium.
 21248 | Orc:2    | Found Doppuo Zoxo's Book Shoppe.
 21295 | Orc:2    | Found Zaneffat's Book Shoppe.
 21298 | Orc:2    | Found Guilacyoq's Antique Weapon Emporium.
 21924 | Swamp:1  | Entered Level 1 of the Swamp
 22416 | Swamp:1  | Noticed Louise
 22499 | Swamp:1  | Killed Louise
 23167 | Swamp:2  | Reached skill level 16 in Maces & Flails
 25061 | Swamp:3  | Noticed a thorn hunter
 25096 | Swamp:3  | Killed a thorn hunter
 25096 | Swamp:3  | Reached skill level 10 in Dodging
 26077 | Swamp:3  | Noticed a thorn hunter
 26090 | Swamp:3  | Killed a thorn hunter
 26217 | Swamp:4  | Entered Level 4 of the Swamp
 26315 | Swamp:4  | Reached XP level 17. HP: 101/136 MP: 17/17
 26329 | Swamp:4  | Identified a scroll of acquirement
 26506 | Swamp:4  | Noticed a thorn hunter
 26531 | Swamp:4  | Killed a thorn hunter
 27144 | Swamp:4  | Noticed the 27-headed Lernaean hydra
 27161 | Swamp:4  | Killed the 27-headed Lernaean hydra
 27169 | Swamp:4  | Reached skill level 17 in Maces & Flails
 27297 | Swamp:4  | Got a decaying rune of Zot
 28312 | Spider:1 | Entered Level 1 of the Spider Nest
 29205 | Spider:2 | Noticed keltmir's ghost (journeyman DsGl)
 29227 | Spider:2 | Killed keltmir's ghost
 30678 | Spider:2 | Reached XP level 18. HP: 62/146 MP: 18/18
 30978 | Spider:2 | Got a scintillating copper ring
 30979 | Spider:2 | Identified the ring "Vewaklar" {+Fly rElec rF+ Stlth-} (You found it on level 2 of the Spider Nest)
 32461 | Spider:4 | Entered Level 4 of the Spider Nest
 32533 | Spider:4 | Noticed Roxanne
 32560 | Spider:4 | Killed Roxanne
 32561 | Spider:4 | Identified Roxanne's Collected Works on Transmutation (You took it off Roxanne on level 4 of the Spider Nest)
 32646 | Spider:4 | Noticed Agnes
 32658 | Spider:4 | Killed Agnes
 33710 | Spider:4 | Noticed Kirke
 33740 | Spider:4 | Killed Kirke
 33807 | Spider:4 | Reached skill level 18 in Maces & Flails
 34110 | Spider:4 | Got a gossamer rune of Zot
 34389 | Orc:2    | Bought an uncursed ring of resist corrosion for 340 gold pieces
 34639 | Slime:1  | Entered Level 1 of the Pits of Slime
 34639 | Slime:1  | Noticed an acid blob
 34964 | Lair:6   | Killed an acid blob
 35416 | Slime:2  | Noticed an acid blob
 36301 | Slime:2  | Killed an acid blob
 36342 | Slime:3  | Noticed an acid blob
 37141 | Slime:2  | Reached skill level 15 in Armour
 37376 | Slime:2  | Reached XP level 19. HP: 138/155 MP: 19/19
 37960 | Slime:5  | Entered Level 5 of the Pits of Slime
 39888 | Slime:5  | Found a viscous altar of Jiyva.
 39940 | Slime:5  | Noticed the Royal Jelly
 39981 | Slime:5  | HP: 4/156 [acid[the Royal Jelly] (5)]
 39986 | Slime:5  | HP: 7/156 [acid[the Royal Jelly] (4)]
 40411 | Slime:4  | HP: 7/156 [acid (2)]
 40876 | Slime:5  | HP: 4/155 [the Royal Jelly (12)]
 40876 | Slime:5  | HP: 1/155 [acid (3)]
 40878 | Slime:5  | Mangled by an azure jelly

Skill      XL: |  1  2  3  4  5  6  7  8  9 10 11 12 13 14 15 16 17 18 19 |
---------------+----------------------------------------------------------+-----
Shields        | 4 5 6 8 9 0 |  0.0
Maces & Flails | 3 4 5 6 9 11 13 14 15 14 15 16 17 18 | 18.3
Armour         | 5 9 10 11 12 13 14 15 | 15.5
Fighting       | 5 7 9 10 11 12 13 14 | 14.3
Dodging        | 5 7 8 9 10 11 12 | 12.1

Action                   |  1- 3 |  4- 6 |  7- 9 | 10-12 | 13-15 | 16-18 | 19-21 || total
-------------------------+-------+-------+-------+-------+-------+-------+-------++-------
Melee: Flail             |   104 |   207 |       |       |       |       |       ||   311
       Dire flail        |       |       |   281 |   922 |  1380 |  2123 |   301 ||  5007
Invok: Sacrifice an Eye  |       |       |       |     1 |       |       |       ||     1
       Sacrifice Words   |       |       |       |     1 |       |       |       ||     1
       Draw Out Power    |       |       |       |       |     3 |     6 |     1 ||    10
       Sacrifice a Hand  |       |       |       |       |     1 |       |       ||     1
       Power Leap        |       |       |       |       |     2 |    21 |     1 ||    24
       Apocalypse        |       |       |       |       |     1 |     3 |     2 ||     6
       Sacrifice Skill   |       |       |       |       |     1 |       |       ||     1
 Abil: Dig               |       |       |       |       |     1 |     2 |       ||     3
Evoke: Wand              |       |       |       |       |     5 |     2 |     4 ||    11
  Use: Potion            |       |     8 |     1 |     4 |     1 |     4 |     6 ||    24
       Scroll            |       |       |     7 |     8 |     4 |    14 |       ||    33
 Stab: Invisible         |       |       |       |     4 |    21 |    33 |       ||    58
       Distracted        |       |       |       |     1 |     6 |     8 |     3 ||    18
       Paralysed         |       |       |       |       |     7 |    22 |       ||    29
       Confused          |       |       |       |       |       |     1 |       ||     1
  Eat: Chunk             |     1 |     4 |    10 |    19 |    17 |    21 |       ||    72
       Ration            |       |       |       |     1 |     4 |    11 |     4 ||    20
Armor: Scale mail        |    55 |    58 |   108 |    41 |       |       |       ||   262
       Skin              |       |       |     8 |       |       |       |       ||     8
       Plate armour      |       |       |       |   217 |   429 |  1079 |   150 ||  1875
Dodge: Dodged            |    29 |    73 |    85 |   167 |   504 |  1210 |   103 ||  2171
Block: Shield            |    77 |   127 |   165 |   386 |    37 |       |       ||   792
       Other             |       |       |       |       |    60 |   306 |    31 ||   397
